 Dungeon Crawl Stone Soup version 0.18-a0-1405-g73f4075 (webtiles) character file.

30 namelastname112 the Conjurer (level 3, -1/26 HPs)
             Began as a Draconian Conjurer on Feb 24, 2016.
             Slain by a gnoll (8 damage)
             ... on level 2 of the Dungeon.
             The game lasted 00:02:10 (947 turns).

namelastname112 the Conjurer (Draconian Conjurer)    Turns: 947, Time: 00:02:12

Health: -1/26      AC:  6    Str: 10    XL:     3   Next: 3%
Magic:  1/7        EV: 12    Int: 16    God:
Gold:   50         SH:  0    Dex: 11    Spells: 2 memorised, 4 levels left

rFire  . . .     SeeInvis .     d - +0 dagger
rCold  . . .     Gourm    .     (armour unavailable)
rNeg   . . .     Faith    +     (no shield)
rPois  .         Spirit   .     (helmet restricted)
rElec  .         Dismiss  .     n - +0 cloak
rCorr  .         Reflect  .     (no gloves)
SustAt .         Harm     .     (no boots)
MR     .....                    e - amulet of faith
Stlth  ++........               (no ring)
                                (no ring)

@: flying, not resistant to hostile enchantments, unstealthy
A: unfitting armour, cold-blooded, AC +5
a: no special abilities


You were on level 2 of the Dungeon.
You were hungry.

You visited 1 branch of the dungeon, and saw 2 of its levels.

You collected 50 gold pieces.

Inventory:

Hand Weapons
 d - a +0 dagger (weapon)
Armour
 n - a +0 cloak (worn)
Jewellery
 e - an amulet of faith (around neck)
Scrolls
 c - a scroll of recharging {unknown}
 f - a scroll of remove curse {unknown}
 g - a scroll of identify {unknown}
 h - a scroll of teleportation {unknown}
 j - a scroll of immolation {unknown}
 k - a scroll of random uselessness {unknown}
 l - a scroll of blinking {unknown}
Books
 a - a book of Conjurations

   Spells                             Type                      Level
   a - Magic Dart                     Conjuration                  1
   b - Searing Ray                    Conjuration                  2
   c - Dazzling Spray                 Conjuration/Hexes            3
   d - Fulminant Prism                Conjuration/Hexes            4
   e - Iskenderun's Mystic Blast      Conjuration                  4
   f - Iskenderun's Battlesphere      Conjuration/Charms           5
Comestibles
 b - 3 bread rations
 m - a meat ration
 o - 3 fruits


   Skills:
 - Level 1.7 Dodging
 - Level 1.7 Stealth
 + Level 2.7 Spellcasting
 + Level 4.5 Conjurations


You had 4 spell levels left.
You knew the following spells:

 Your Spells              Type           Power        Failure   Level  Hunger
x - Searing Ray           Conj           ###...       6%          2    ##.....
z - Magic Dart            Conj           ###.         3%          1    #......


Dungeon Overview and Level Annotations

Branches:
Dungeon (2/15)

Altars:
Vehumet


Innate Abilities, Weirdness & Mutations

Your plain brown scales are hard (AC +5).
Your body does not fit into most forms of armour.
You are cold-blooded and may be slowed by cold attacks.


Message History

The gnoll is almost dead.
The gnoll misses you. The gnoll barely misses you.
The gnoll hits you but does no damage.
You completely miss the gnoll.
The gnoll is almost dead.
The gnoll closely misses you. The gnoll barely misses you. The gnoll hits you.
You hit the gnoll but do no damage.
The gnoll is almost dead.
The gnoll barely misses you. The gnoll closely misses you.
The gnoll barely misses you.
You closely miss the gnoll.
The gnoll is severely wounded.
The gnoll hits you but does no damage. x2; The gnoll closely misses you.
You hit the gnoll.
The gnoll is almost dead.
The gnoll misses you.
The gnoll hits you from afar with a spear.
* * * LOW HITPOINT WARNING * * *
The gnoll hits you!
You die...

#.##....# #.##.##...# #.##.#
#### #.##.# #.##.# #.
#####.##.# #. # #........# #.
.# #.#####..##########.####.#
#.# #..#@gg.....)..#...# #.#
#..#g########..#.#.## ##.#
#..#.########........
##..#####................# ..
##.#........#.#########..###.#
#.........#...# #.........#...
##.#.#..#.....# #[#####....._[
#....#.......# #)........#...
#.#.##.##.#..# #..####w.###.#


You could see 3 gnolls.

Vanquished Creatures
  2 worms
  2 dart slugs (D:1)
  A giant gecko (D:1)
  2 giant cockroaches (D:1)
  4 goblins (D:1)
  2 hobgoblins (D:1)
  A ball python (D:2)
  2 bats (D:1)
  A giant newt (D:1)
  A kobold (D:1)
  A rat (D:2)
19 creatures vanquished.

Notes
Turn   | Place    | Note
--------------------------------------------------------------
     0 | D:1      | namelastname112 the Draconian Conjurer began the quest for the Orb.
     0 | D:1      | Reached XP level 1. HP: 14/14 MP: 3/3
   150 | D:1      | Reached XP level 2. HP: 18/20 MP: 0/5
   157 | D:1      | Learned a level 2 spell: Searing Ray
   786 | D:2      | Found a radiant altar of Vehumet.
   861 | D:2      | Reached XP level 3. HP: 18/26 MP: 2/7
   947 | D:2      | Slain by a gnoll

Vault maps used:
D:1:      grunt_arrival_lava_bath
D:2:      vehumet_crystals, cheibriados_altar_1

Action                   || total
-------------------------++-------
Melee: Dagger            ||    41
 Cast: Magic Dart        ||    37
       Searing Ray       ||     2
  Use: Potion            ||     1
